 Dungeon Crawl Stone Soup version 0.26-a0-854-gdc81c2f471 (webtiles) character file.

Game seed: 13496270379806093489

41 iamoutofideas the Firebug (level 3, -3/21 HPs)
             Began as an Octopode Fire Elementalist on Nov 23, 2020.
             Slain by Natasha (6 damage)
             ... on level 1 of the Dungeon.
             The game lasted 00:03:20 (1646 turns).

iamoutofideas the Firebug (OpFE)                    Turns: 1646, Time: 00:03:20

Health: -3/21      AC:  1    Str:  7    XL:     3   Next: 52%
Magic:  1/7        EV: 13    Int: 18    God:
Gold:   24         SH:  0    Dex: 12    Spells: 3/7 levels left

rFire    . . .     SeeInvis .   j - +0 short sword
rCold    . . .     Faith    .   (no shield)
rNeg     . . .     Spirit   .   (helmet restricted)
rPois    .         Reflect  .   (no amulet)
rElec    .         Harm     .   (no ring)
rCorr    .         Rampage  .   (no ring)
MR       .....                  (no ring)
Stlth    +++.......             (no ring)
HPRegen  0.07/turn              (no ring)
MPRegen  0.10/turn              (no ring)
                                (no ring)
                                (no ring)

@: slowed, very slow
A: almost no armour, stealthy swim, amphibious, 8 rings, constrict 8, camouflage
1, gelatinous body 1
a: no special abilities


You were on level 1 of the Dungeon.
You visited 1 branch of the dungeon, and saw 2 of its levels.

You collected 24 gold pieces.

Inventory:

Hand Weapons
 j - a +0 short sword (weapon)
Scrolls
 a - a scroll of teleportation {unknown}
 c - a scroll of amnesia {unknown}
 d - 2 scrolls of enchant armour {unknown}
 g - a scroll of noise {unknown}
 i - a scroll of identify {unknown}
Potions
 b - a potion of might {unknown}
 f - a potion of attraction {unknown}
 h - a potion of magic {unknown}


   Skills:
 - Level 2.0 Dodging
 - Level 2.6 Stealth
 + Level 2.7 Spellcasting
 + Level 1.3 Conjurations
 * Level 3.7 Fire Magic


You had 3 spell levels left.
You knew the following spells:

 Your Spells              Type           Power        Failure   Level
a - Foxfire               Conj/Fire      ##..         6%          1
b - Conjure Flame         Conj/Fire      ##......     19%         3

Your spell library contained the following spells:

 Spells                   Type           Power        Failure   Level
 Inner Flame              Hex/Fire       #.......     24%         3
 Sticky Flame             Conj/Fire      ##......     52%         4
 Fireball                 Conj/Fire      ##........   86%         5


Dungeon Overview and Level Annotations

Branches:
Dungeon (2/15)

Altars:

Annotations:
D:1 exclusion: downstairs, Natasha
D:2 exclusion: upstairs, Terence


Innate Abilities, Weirdness & Mutations

You cannot wear most types of armour.
You are very stealthy in the water. (Stealth+)
You are amphibious.
You can wear up to eight rings at the same time.
You can use your tentacles to constrict eight enemies at once.
Your skin changes colour to match your surroundings (Stealth+).
Your rubbery body absorbs attacks. (AC +1, EV +1)


Message History

You conjure some foxfire!
Natasha casts a spell at you.
You feel yourself slow down. Natasha completely misses you.
The hobgoblin closely misses you.
Unknown command.
Casting: Foxfire (safe; 6% risk of failure)
Confirm with . or Enter, or press ? or * to list all spells.
You conjure some foxfire!
The foxfire hits the hobgoblin but does no damage.
The hobgoblin is moderately wounded.
The foxfire hits Natasha.
Natasha is lightly wounded.
Natasha barely misses you. Natasha claws you. The hobgoblin hits you.
* * * LOW HITPOINT WARNING * * *
The foxfire hits Natasha but does no damage.
Natasha is lightly wounded.
The foxfire hits Natasha.
Natasha is moderately wounded.
Natasha claws you.
You die...

### #.# #.# #.# #.#
#.# ###.# #######
######.#.###.....#
...............#@##
..............gh§.##
######.#.###.#..§..#
#.#.........#.# ##
#.#..##(.#..#.##
.###
#.#..##..#..#..#
.'.#
#.#..##..#...#.#
.#.#
#......(.....#.#
.#.#
#.#............##


You could see Natasha (fast) and a hobgoblin.

Vanquished Creatures
  2 dart slugs (D:1)
  6 bats (D:1)
  2 giant cockroaches (D:1)
  5 goblins (D:1)
  7 hobgoblins (D:1)
  3 jackals (D:1)
  2 kobolds (D:1)
  2 frilled lizards (D:1)
  3 rats (D:1)
32 creatures vanquished.

Vanquished Creatures (others)
  84 foxfires
84 creatures vanquished.

Grand Total: 116 creatures vanquished

Notes
Turn   | Place    | Note
-------+----------+-------------------------------------------
     0 | D:1      | iamoutofideas the Octopode Fire Elementalist began the
                  | quest for the Orb.
     0 | D:1      | Reached XP level 1. HP: 11/11 MP: 3/3
   106 | D:1      | Reached XP level 2. HP: 17/17 MP: 1/5
   622 | D:1      | Reached XP level 3. HP: 21/21 MP: 3/6
  1556 | D:2      | Noticed Terence
  1567 | D:1      | Learned a level 3 spell: Conjure Flame
  1623 | D:2      | Noticed Natasha
  1646 | D:1      | Slain by Natasha

Illustrated notes

Levels and vault maps discovered:
D:1:      minmay_arrival_four_houses, layout_basic
D:2:      layout_loops_cross, lemuel_coloured_pillars_altar,
          nicolae_qazlal_eye_of_the_storm, uniq_natasha, uniq_terence

Action                   || total
-------------------------++-------
Melee: Unarmed           ||    28
       Constrict         ||    14
       Short sword       ||     2
       Tentacles         ||     2
 Cast: Foxfire           ||    60
       Conjure Flame     ||     2
  Use: Potion            ||     1
 Stab: Sleeping          ||     1
Armor: Skin              ||    10
Dodge: Dodged            ||    53

Table legend: (Time is in decaauts)
 A = Elapsed time spent in this place.
 B = Non-inter-level travel time spent in this place.
 C = Inter-level travel time spent in this place.
 D = Time resting spent in this place.
 E = Time spent auto-exploring this place.
 F = Levels seen in this place.
 G = Mean time per level.
                   A        B        C        D        E       F      G
               +--------+--------+--------+--------+--------+-----+--------+
         Total |   1657 |   1593 |     64 |    214 |   1037 |   2 |  828.5 |
       Dungeon |   1657 |   1593 |     64 |    214 |   1037 |   2 |  828.5 |
               +--------+--------+--------+--------+--------+-----+--------+

Top non-repeatable levels by time:
     D:1: 1615 daAuts
     D:2: 42 daAuts
